Map: Para Site LE

Players

AqueroN

  • Race: Terran Terran
  • League: Grandmaster
  • Spawn Location: 11:00

IIIIIIIIIII - Winner!

  • Race: Zerg Zerg
  • Spawn Location: 5:00

VOD

Have the link to the VOD?

Description

Time

  • Played on: Jan. 17, 2019, 3:28 p.m.
  • Length: 24:43
Show
View Real Time Build Order
Export as new Build Order

AqueroN Terran 

Build Orders: Gas First Reaper Expand 

Get SALT Encoding   

  12  0:00  SCV  
  13  0:13  SCV  
  14  0:17  Supply Depot  
  14  0:25  SCV  
  15  0:30  Refinery  
  15  0:38  SCV  
  16  0:43  Barracks  
  16  0:50  SCV  
  17  1:02  SCV  
  18  1:15  SCV  
  19  1:30  Orbital Command  
  19  1:31  Reaper  
  20  1:42  Command Center  
  20  1:53  Factory  
  20  1:56  SCV  
  20  2:00  Refinery  
  21  2:07  Barracks Reactor  
  21  2:08  SCV  
  22  2:17  Supply Depot  
  22  2:20  SCV  
  23  2:38  SCV  
  23  2:39  Hellion  
  26  2:44  Starport  
  26  2:45  Marine x2  
  26  2:51  SCV  
  29  2:52  Supply Depot  
  29  3:07  SCV  
  30  3:19  SCV  
  31  3:22  Hellion x2  
  35  3:27  Fusion Core, Starport Tech Lab  
  35  3:31  SCV  
  36  3:37  Orbital Command  
  36  3:40  Weapon Refit  
  36  3:43  SCV  
  37  3:50  Hellion x2  
  41  3:55  SCV  
  42  4:04  Supply Depot  
  42  4:14  Battlecruiser  
  48  4:17  SCV x2  
  48  4:21  Hellion  
  48  4:24  Hellion  
  54  4:29  SCV x2  
  54  4:41  SCV x2  
  54  4:42  Supply Depot  
  56  4:52  Command Center  
  56  4:55  Hellion  
  56  4:58  Hellion  
  60  5:05  Supply Depot  
  60  5:06  SCV x2  
  62  5:16  Hellion  
  62  5:18  SCV  
  62  5:19  Hellion  
  67  5:28  Battlecruiser  
  73  5:38  Hellion  
  73  5:41  Hellion  
  73  5:42  SCV  
  78  5:45  Refinery x2  
  78  5:53  SCV  
  78  5:54  SCV  
  78  6:00  Supply Depot  
  78  6:05  SCV  
  78  6:06  SCV  
  80  6:17  SCV  
  81  6:18  Factory x2  
  81  6:19  SCV  
  78  6:26  Hellion x2  
  78  6:30  SCV  
  78  6:31  SCV  
  82  6:41  Supply Depot x2  
  82  6:42  SCV, Supply Depot  
  82  6:43  SCV, Battlecruiser  
  90  6:47  Hellion x2  
  94  6:58  SCV  
  95  7:03  SCV  
  98  7:08  Hellion  
  98  7:09  Hellion  
  98  7:10  Factory Tech Lab  
  98  7:14  Factory Tech Lab  
  100  7:17  SCV x2, Factory, Orbital Command  
  100  7:19  Factory, Refinery  
  100  7:20  Refinery  
  102  7:29  SCV x2  
  104  7:33  Cyclone  
  104  7:34  Cyclone  
  93  7:48  Hellion x2  
  95  7:51  SCV x2  
  95  7:53  SCV  
  95  7:55  Command Center  
  95  7:56  Mag-Field Accelerator  
  95  7:58  Battlecruiser  
  104  8:03  SCV x2  
  106  8:05  SCV, Cyclone  
  106  8:09  Factory Tech Lab, Factory Reactor  
  106  8:10  Cyclone  
  113  8:15  SCV  
  113  8:16  SCV  
  113  8:18  SCV  
  116  8:21  Hellion x2  
  120  8:28  SCV x2  
  116  8:34  Cyclone  
  116  8:36  SCV  
  116  8:40  SCV x2  
  118  8:43  Engineering Bay  
  118  8:44  Supply Depot  
  118  8:46  Supply Depot  
  118  8:48  SCV, Cyclone x2  
  125  8:58  Supply Depot  
  125  8:59  Hellion x4  
  125  9:01  Supply Depot  
  133  9:06  SCV x2  
  133  9:07  Cyclone  
  136  9:15  Infernal Pre-Igniter  
  130  9:24  Battlecruiser  
  130  9:25  Cyclone  
  139  9:35  Hellion x2  
  139  9:36  Hellion  
  145  9:40  Cyclone  
  148  9:45  Refinery  
  148  9:47  Cyclone, Command Center  
  148  9:48  Refinery, Hellion  
  148  9:51  SCV x3  
  148  9:52  Planetary Fortress  
  154  10:00  Sensor Tower  
  154  10:09  Cyclone, Hellion  
  154  10:10  Hellion x3  
  165  10:24  Factory  
  165  10:25  Factory  
  165  10:26  Cyclone x2  
  171  10:34  Command Center  
  171  10:36  Supply Depot  
  171  10:44  Armory x2  
  171  10:47  Hellion x4  
  179  10:52  Supply Depot  
  179  10:53  Supply Depot  
  179  10:58  Cyclone  
  171  11:12  Factory Tech Lab, Hellion x4  
  171  11:13  Cyclone  
  182  11:21  Cyclone  
  185  11:32  Siege Tank  
  188  11:34  Factory Tech Lab  
  188  11:36  Hellion x3  
  194  11:40  Terran Vehicle And Ship Armor Level 1  
  194  11:42  Terran Ship Weapons Level 1  
  194  11:44  Cyclone, Hellion  
  199  11:50  Orbital Command x2  
  199  11:52  Refinery  
  199  12:07  Refinery, Command Center  
  199  12:10  Sensor Tower  
  178  12:24  Hellion x3  
  178  12:27  Cyclone x2  
  178  12:28  Cyclone x2  
  130  12:34  Cyclone  
  130  12:35  Battlecruiser  
  112  12:41  Smart Servos  
  108  12:47  Hellion x4  
  116  12:59  Cyclone  
  116  13:02  Starport  
  116  13:03  Cyclone x3, Starport  
  128  13:06  Cyclone  
  131  13:15  Hellion x2  
  131  13:16  Hellion  
  137  13:31  Cyclone, Hellion  
  142  13:35  Cyclone x2  
  142  13:39  Cyclone, Hellion  
  142  13:40  Hellion x2, Orbital Command  
  152  13:46  Raven  
  152  13:47  Cyclone  
  154  13:56  Terran Vehicle And Ship Armor Level 2  
  154  13:57  Terran Ship Weapons Level 2  
  146  14:09  Cyclone x3  
  155  14:10  Hellion x3  
  155  14:11  Hellion  
  155  14:12  Starport Tech Lab  
  155  14:13  Starport Tech Lab  
  155  14:15  Orbital Command  
  163  14:25  Cyclone x2  
  163  14:30  Battlecruiser  
  171  14:45  Raven  
  165  14:46  Corvid Reactor, Viking  
  165  14:47  Cyclone x3  
  165  14:48  Hellion x4  
  186  15:02  Cyclone  
  186  15:03  Cyclone  
  186  15:04  Drilling Claws  
  186  15:06  Refinery  
  193  15:25  Refinery  
  193  15:28  Viking x2  
  195  15:34  Viking  
  200  15:50  Widow Mine  
  200  15:51  Widow Mine x3  
  177  16:11  Battlecruiser x3  
  177  16:13  Cyclone x3  
  177  16:14  Cyclone x2  
  198  16:20  Terran Vehicle And Ship Armor Level 3, Terran Ship Weapons Level 3  
  192  16:28  Hellion x4  
  195  16:37  Orbital Command  
  195  16:52  Hellion x2  
  193  17:21  Viking x3  
  183  17:23  Cyclone x5  
  188  17:51  Viking x3  
  192  17:57  Widow Mine x3  
  200  18:02  Cyclone x2  
  200  18:03  Cyclone x3  
  178  18:21  Viking x3  
  184  18:31  Hellion x4  
  190  18:34  Cyclone  
  190  18:35  Cyclone x2  
  199  18:53  Viking x2  
  178  19:07  Cyclone x4  
  178  19:08  Cyclone  
  174  19:10  Hellion x4  
  174  19:15  Command Center  
  178  19:26  Raven x3  
  184  19:40  Terran Vehicle Weapons Level 1  
  177  20:09  Viking x3  
  179  20:24  Cyclone x4  
  179  20:25  Cyclone  
  194  20:30  Hellion x2  
  194  20:31  Hellion  
  194  20:32  Orbital Command  
  194  20:57  Hellion x4  
  194  20:59  Viking  
  197  21:16  SCV x2  
  199  21:27  Orbital Command  
  199  21:53  Refinery  
  199  21:54  Sensor Tower  
  199  21:58  Refinery  
  195  22:15  Cyclone x2  
  199  22:18  Viking x3  
  199  22:22  Cyclone, Hellion x3  
  192  22:23  Cyclone, Hellion  
  192  22:44  Orbital Command  
  188  22:53  Raven x3  
  188  22:56  Widow Mine x4  
  182  23:13  Cyclone x5  
  164  23:36  Viking x3, Hellion x3  
  164  23:37  Hellion  
  172  23:59  Hellion  
  172  24:00  Hellion x3  
  158  24:10  Cyclone  
  158  24:11  Cyclone  
  168  24:21  Hellion x3  
Show
View Real Time Build Order
Export as new Build Order

IIIIIIIIIII Zerg - Winner!

Build Orders: Pool First, Brood Lord Corruptor 

Get SALT Encoding   

  12  0:00  Drone  
  13  0:12  Overlord  
  13  0:17  Drone  
  14  0:30  Drone x2  
  16  0:39  Spawning Pool  
  15  0:45  Drone  
  15  0:48  Drone  
  17  1:08  Hatchery  
  17  1:10  Drone  
  17  1:25  Spawning Pool  
  16  1:28  Zergling x6  
  16  1:32  Queen  
  20  1:34  Extractor  
  21  1:41  Overlord  
  21  1:52  Drone  
  22  2:04  Drone  
  23  2:09  Queen  
  23  2:12  Drone  
  26  2:21  Drone  
  27  2:24  Drone  
  28  2:33  Drone x2  
  30  2:44  Drone x2  
  32  2:47  Metabolic Boost  
  32  2:50  Drone  
  33  2:53  Drone  
  34  2:58  Hatchery  
  34  3:00  Overlord  
  32  3:08  Drone x3  
  32  3:12  Drone  
  34  3:17  Queen  
  34  3:19  Drone x2  
  38  3:21  Drone  
  38  3:24  Overlord  
  39  3:30  Drone x2  
  41  3:36  Queen  
  41  3:37  Drone  
  44  3:46  Zergling x6  
  47  3:51  Zergling x4  
  47  3:52  Zergling x2  
  50  3:57  Overlord  
  50  4:05  Overlord  
  50  4:14  Queen x3  
  50  4:16  Drone  
  57  4:17  Overlord  
  57  4:18  Drone  
  58  4:29  Drone x2, Overlord, Baneling Nest  
  58  4:37  Drone x5  
  63  4:43  Spore Crawler  
  62  4:46  Drone, Spore Crawler x2  
  62  4:48  Drone  
  62  4:49  Drone  
  63  4:53  Drone  
  63  4:56  Drone x3  
  67  5:00  Zergling x4  
  67  5:03  Drone  
  67  5:05  Lair  
  70  5:08  Drone  
  70  5:09  Extractor x2  
  70  5:13  Drone x2  
  71  5:16  Drone  
  71  5:21  Evolution Chamber  
  71  5:22  Evolution Chamber  
  71  5:23  Drone  
  71  5:24  Drone x5  
  71  5:27  Spore Crawler  
  74  5:33  Drone x4  
  76  5:36  Zergling x4  
  78  5:42  Spore Crawler  
  78  5:44  Drone x2, Zergling x2  
  80  5:51  Overlord x2  
  79  5:57  Overlord  
  79  5:58  Overlord  
  75  6:04  Queen  
  75  6:05  Overlord  
  75  6:08  Zergling x2  
  75  6:09  Zergling x12  
  77  6:14  Drone x5  
  77  6:17  Extractor  
  70  6:23  Spire  
  69  6:26  Zerg Missile Weapons Level 1  
  69  6:29  Drone x3  
  69  6:31  Drone  
  73  6:35  Drone  
  73  6:37  Drone  
  73  6:38  Queen  
  77  6:41  Zerg Melee Weapons Level 1  
  77  6:42  Drone  
  77  6:46  Drone  
  79  6:51  Zergling x2  
  79  6:52  Zergling x6  
  81  6:57  Zergling x4  
  81  7:02  Zergling x2  
  82  7:09  Zergling x6  
  82  7:10  Baneling x12  
  82  7:13  Drone  
  86  7:16  Drone x3  
  89  7:23  Drone x3  
  89  7:26  Drone x2  
  89  7:29  Hatchery, Queen  
  95  7:32  Drone, Queen  
  94  7:39  Zergling x4  
  94  7:42  Overlord  
  86  7:45  Extractor  
  86  7:46  Extractor  
  86  7:48  Infestation Pit  
  86  7:49  Roach Warren  
  86  7:50  Corruptor x2  
  85  7:52  Zergling x2  
  85  7:59  Corruptor x2  
  85  8:05  Drone x3  
  90  8:09  Drone  
  90  8:10  Drone x3  
  90  8:11  Centrifical Hooks  
  94  8:19  Zergling x6  
  97  8:22  Zerg Missile Weapons Level 2  
  97  8:24  Zergling x4  
  98  8:33  Zergling x6  
  96  8:40  Corruptor x2  
  98  8:44  Roach x4  
  106  8:52  Drone x8  
  111  9:03  Pathogen Glands, Overlord  
  111  9:06  Overlord  
  111  9:07  Overlord x2  
  110  9:11  Overlord x2  
  110  9:14  Overlord  
  110  9:17  Zerg Flyer Armor Level 1  
  110  9:18  Hive  
  110  9:19  Drone  
  110  9:20  Extractor  
  110  9:21  Extractor  
  109  9:30  Zergling x22  
  120  9:32  Baneling x4  
  120  9:35  Drone x3  
  120  9:36  Drone  
  120  9:37  Drone  
  125  9:43  Queen x2  
  129  9:46  Zerg Melee Weapons Level 2  
  129  9:52  Zergling x12  
  135  9:55  Baneling x6  
  135  10:02  Neural Parasite  
  129  10:09  Zergling x22  
  140  10:18  Overlord  
  140  10:20  Infestor x2  
  140  10:21  Infestor x2  
  144  10:30  Corruptor x2  
  144  10:35  Baneling x6  
  148  10:39  Corruptor  
  148  10:41  Hatchery  
  149  10:45  Corruptor  
  149  10:47  Zergling x12  
  149  10:48  Zergling x4  
  157  10:51  Overlord  
  157  10:54  Corruptor  
  157  10:56  Overlord  
  159  10:59  Corruptor  
  159  11:00  Corruptor  
  163  11:08  Corruptor x2  
  162  11:11  Zergling x10  
  162  11:15  Corruptor  
  162  11:18  Corruptor  
  162  11:26  Infestor  
  162  11:31  Drone  
  162  11:32  Drone  
  162  11:36  Greater Spire  
  162  11:41  Queen  
  162  11:46  Hatchery, Roach x3  
  162  11:47  Roach x4  
  177  11:58  Extractor  
  176  12:03  Extractor  
  176  12:05  Baneling x14  
  173  12:12  Corruptor x2  
  173  12:13  Zergling x22  
  157  12:23  Zergling x10  
  157  12:25  Zergling x6  
  134  12:33  Infestor x3  
  138  12:38  Drone x5  
  138  12:40  Queen  
  145  12:51  Drone x2  
  145  12:52  Drone x4  
  145  12:54  Zerg Flyer Armor Level 2  
  145  12:58  Zerg Ground Armor Level 1  
  151  13:02  Extractor  
  150  13:07  Queen  
  150  13:08  Drone x3  
  150  13:09  Drone x2  
  150  13:10  Drone  
  158  13:17  Zerg Melee Weapons Level 3  
  158  13:19  Infestor x2  
  162  13:23  Drone x3  
  163  13:30  Drone x4  
  163  13:31  Drone  
  163  13:32  Drone  
  163  13:33  Overlord  
  167  13:38  Glial Reconstitution  
  167  13:40  Drone x2  
  167  13:41  Drone x3  
  170  13:50  Drone x4  
  170  13:52  Brood Lord x2  
  174  14:02  Brood Lord x2  
  174  14:03  Brood Lord  
  174  14:07  Drone x3  
  174  14:09  Spine Crawler  
  178  14:12  Spine Crawler  
  178  14:17  Overlord  
  173  14:24  Zergling x22  
  173  14:26  Adrenal Glands  
  173  14:27  Brood Lord  
  183  14:31  Infestor  
  183  14:32  Infestor x2  
  187  14:41  Drone x2  
  189  14:46  Corruptor x3  
  189  14:47  Spine Crawler  
  189  14:48  Spine Crawler  
  193  14:57  Zerg Ground Armor Level 2  
  193  15:05  Baneling x14  
  193  15:10  Brood Lord x2  
  193  15:11  Overlord  
  193  15:13  Zergling x2  
  198  15:17  Overlord  
  191  15:30  Drone  
  191  15:31  Queen  
  191  15:35  Spine Crawler, Brood Lord x3  
  199  15:53  Zerg Flyer Weapons Level 1  
  199  15:55  Spire  
  185  16:12  Infestor x6  
  185  16:13  Hatchery  
  196  16:21  Zergling x2  
  196  16:22  Zergling x4  
  199  16:26  Hatchery  
  198  16:33  Burrow  
  198  16:36  Zerg Missile Weapons Level 3  
  195  16:58  Infestor  
  195  16:59  Infestor x2  
  195  17:21  Zergling x10  
  196  17:38  Zergling x6  
  199  17:46  Baneling  
  199  17:47  Baneling x7  
  199  17:50  Corruptor x4  
  194  18:01  Hatchery  
  197  18:13  Hatchery  
  186  18:20  Corruptor x7  
  186  18:23  Roach x4  
  200  18:31  Infestor  
  200  18:32  Infestor x2  
  198  18:36  Corruptor x5  
  199  18:44  Zergling x4  
  200  18:50  Extractor  
  200  18:53  Extractor  
  193  19:05  Zergling x16  
  198  19:17  Zerg Flyer Weapons Level 2  
  198  19:18  Zerg Flyer Armor Level 3  
  198  19:20  Roach x4  
  198  19:36  Baneling x9  
  198  19:37  Spore Crawler  
  197  19:40  Spine Crawler  
  197  19:41  Spine Crawler x2, Overseer  
  197  19:42  Overseer x2  
  197  19:44  Baneling x2  
  192  19:57  Drone x7  
  197  20:00  Zergling x4  
  188  20:10  Zergling x16  
  193  20:14  Drone x2  
  194  20:28  Viper  
  197  20:36  Spine Crawler  
  197  20:37  Spine Crawler  
  197  20:38  Spine Crawler x2  
  197  20:40  Spore Crawler  
  197  20:42  Queen  
  193  20:45  Zerg Ground Armor Level 3  
  193  20:46  Overseer  
  193  20:47  Overseer x3  
  193  20:58  Baneling x9  
  193  20:59  Baneling x9  
  193  21:04  Corruptor x3  
  198  21:55  Zergling x2  
  189  22:23  Hatchery  
  180  22:59  Spine Crawler  
  180  23:00  Spine Crawler x2  
  180  23:01  Spine Crawler x2  
  175  23:05  Unknown  
  158  23:16  Corruptor  
  158  23:17  Corruptor x8  
  176  23:31  Zergling x2  
  176  23:32  Zergling x34  
  190  23:36  Brood Lord x2  
  194  23:44  Zergling x10  
  197  23:56  Zergling x6  
  192  24:05  Infestor x2  
  192  24:06  Infestor x3  
Tags
 
Add a new tag
Caveats
  • Supply blocks, unpowered buildings, or Contaminate may cause inaccurate times.
  • Supply counts are checked every 10 seconds.